BSA
MAUI TROPICS @ NASSAU ROCKETS
08/14/2024
 
TOP OF THE 1ST
Maui Tropics batting - Pitching for Nassau Rockets : LHP Esteban Baca
Pitching: LHP Esteban Baca
Batting: RHB Pat Haynes 0-0: Ball
1-0: Ball
2-0: Called Strike
2-1: Ball
3-1: Base on Balls
Batting: RHB Jesús Espinoza 0-0: Foul Ball, location: 2F
0-1: Ball
1-1: Ball
2-1: Ball
3-1: Called Strike
3-2: Base on Balls
Pat Haynes to second
Batting: RHB Phil White 0-0: Swinging Strike
0-1: Called Strike
0-2: Ball
1-2: Strikes out looking
Batting: RHB Ximena Campos 0-0: 3-RUN HOME RUN (Flyball, 7D), Distance : 368 ft
Batting: RHB Damian Yates 0-0: Ball
1-0: Called Strike
1-1: Foul Ball, location: 2F
1-2: Fly out, F7 (Flyball, 7M)
Batting: RHB Armando Martínez 0-0: Ball
1-0: Fly out, F8 (Line Drive, 8LD)
Top of the 1st over - 3 run(s), 1 hit(s), 0 error(s), 0 left on base; Maui 3 - Nassau 0
BOTTOM OF THE 1ST
Nassau Rockets batting - Pitching for Maui Tropics : RHP Pat Stuckey
Pitching: RHP Pat Stuckey
Batting: RHB Sadayoshi Kato 0-0: Ball
1-0: Swinging Strike
1-1: Swinging Strike
1-2: Ball
2-2: Ball
3-2: Strikes out looking
Batting: SHB Howard Parker 0-0: Ball
1-0: Ball
2-0: Foul Ball, location: 2F
2-1: SINGLE (Line Drive, 4MD)
Batting: LHB Alden Lindsey 0-0: Called Strike
0-1: Called Strike
0-2: Foul Ball, location: 2F
0-2: Ball
1-2: Strikes out swinging
Batting: LHB Jarred Jackson 0-0: Ball
1-0: Ball
2-0: Ball
3-0: Called Strike
3-1: Base on Balls
Howard Parker to second
Batting: RHB Carlos MacKinney 0-0: Foul Ball, location: 2F
0-1: Swinging Strike
0-2: Foul Ball, location: 2F
0-2: DOUBLE (Flyball, 7D)
Howard Parker scores
Jarred Jackson to third
Batting: SHB Suezo Sugimoto 0-0: SINGLE (Line Drive, 6D)
Jarred Jackson scores
Carlos MacKinney to third
Runner from 3rd tries for Home, SAFE, no throw or cutoff
Batting: RHB Ed Sims 0-0: Ball
Suezo Sugimoto steals 2nd base
1-0: Ball
2-0: Foul Ball, location: 2F
2-1: Called Strike
2-2: Foul Ball, location: 2F
2-2: Foul Ball, location: 2F
2-2: Strikes out swinging
Bottom of the 1st over - 3 run(s), 3 hit(s), 0 error(s), 1 left on base; Maui 3 - Nassau 3
TOP OF THE 2ND
Maui Tropics batting - Pitching for Nassau Rockets : LHP Esteban Baca
Batting: LHB Luis Antonio Torres 0-0: Ball
1-0: Ground out 4-3 (Groundball, 4)
Batting: LHB Javier Espinoza 0-0: Ball
1-0: Foul Ball, location: 2F
1-1: Foul Ball, location: 2F
1-2: Foul Ball, location: 2F
1-2: DOUBLE (Groundball, 5L)
Batting: RHB Jung-ha Kim 0-0: Foul Ball, location: 2F
0-1: Swinging Strike
0-2: Foul Ball, location: 2F
0-2: Ball
1-2: Strikes out swinging
Batting: RHB Pat Haynes 0-0: Ball
1-0: Called Strike
1-1: Swinging Strike
1-2: Ball
2-2: Ball
3-2: Foul Ball, location: 2F
3-2: Base on Balls
Batting: RHB Jesús Espinoza 0-0: Ground out U3 (Groundball, 3L)
Top of the 2nd over - 0 run(s), 1 hit(s), 0 error(s), 2 left on base; Maui 3 - Nassau 3
BOTTOM OF THE 2ND
Nassau Rockets batting - Pitching for Maui Tropics : RHP Pat Stuckey
Batting: LHB Rafael Delgado 0-0: Called Strike
0-1: Swinging Strike
0-2: Ball
1-2: Ball
2-2: Fly out, F7 (Flyball, 78M)
Batting: RHB Vern Carlton 0-0: Called Strike
0-1: Foul Ball, location: 2F
0-2: Foul Ball, location: 2F
0-2: Ball
1-2: Strikes out swinging, 2-3 out at first.
Batting: RHB Sadayoshi Kato 0-0: Ball
1-0: Ball
2-0: Called Strike
2-1: Ball
3-1: Base on Balls
Batting: SHB Howard Parker 0-0: SINGLE (Line Drive, 34D)
Sadayoshi Kato to second
Batting: LHB Alden Lindsey 0-0: 3-RUN HOME RUN (Flyball, 89XD), Distance : 388 ft
Batting: LHB Jarred Jackson 0-0: Ball
1-0: Fly out, F6 (Popup, 6)
Bottom of the 2nd over - 3 run(s), 2 hit(s), 0 error(s), 0 left on base; Maui 3 - Nassau 6
TOP OF THE 3RD
Maui Tropics batting - Pitching for Nassau Rockets : LHP Esteban Baca
Batting: RHB Phil White 0-0: Ball
1-0: Called Strike
1-1: Ball
2-1: Swinging Strike
2-2: Strikes out looking
Batting: RHB Ximena Campos 0-0: Called Strike
0-1: Swinging Strike
0-2: Ball
1-2: Strikes out swinging
Batting: RHB Damian Yates 0-0: Called Strike
0-1: Foul Ball, location: 2F
0-2: Strikes out swinging
Top of the 3rd over - 0 run(s), 0 hit(s), 0 error(s), 0 left on base; Maui 3 - Nassau 6
BOTTOM OF THE 3RD
Nassau Rockets batting - Pitching for Maui Tropics : RHP Pat Stuckey
Batting: RHB Carlos MacKinney 0-0: Swinging Strike
0-1: Foul Ball, location: 2F
0-2: Ball
1-2: Ball
2-2: Foul Ball, location: 2F
2-2: Foul Ball, location: 2F
2-2: Ball
3-2: Foul Ball, location: 2F
3-2: Base on Balls
Batting: SHB Suezo Sugimoto 0-0: Foul Ball, location: 2F
0-1: Called Strike
0-2: Strikes out swinging
Batting: RHB Ed Sims 0-0: Foul Ball, location: 2F
0-1: Ball
1-1: Ball
2-1: Foul Ball, location: 2F
2-2: Strikes out looking
Batting: LHB Rafael Delgado 0-0: Foul Ball, location: 2F
0-1: Swinging Strike
0-2: Ball
1-2: Foul Ball, location: 2F
1-2: Strikes out swinging
Bottom of the 3rd over - 0 run(s), 0 hit(s), 0 error(s), 1 left on base; Maui 3 - Nassau 6
TOP OF THE 4TH
Maui Tropics batting - Pitching for Nassau Rockets : LHP Esteban Baca
Batting: RHB Armando Martínez 0-0: Ball
1-0: Ball
2-0: Ball
3-0: Base on Balls
Batting: LHB Luis Antonio Torres 0-0: Called Strike
0-1: Ball
1-1: Called Strike
1-2: Ball
2-2: Ball
3-2: Strikes out swinging
Batting: LHB Javier Espinoza 0-0: Called Strike
0-1: Called Strike
0-2: Foul Ball, location: 2F
0-2: Strikes out swinging
Batting: RHB Jung-ha Kim 0-0: Ball
1-0: Called Strike
1-1: Swinging Strike
1-2: Strikes out looking
Top of the 4th over - 0 run(s), 0 hit(s), 0 error(s), 1 left on base; Maui 3 - Nassau 6
BOTTOM OF THE 4TH
Nassau Rockets batting - Pitching for Maui Tropics : RHP Pat Stuckey
Batting: RHB Vern Carlton 0-0: Ground out 4-3 (Groundball, 4)
Batting: RHB Sadayoshi Kato 0-0: Ball
1-0: Foul Ball, location: 2F
1-1: Swinging Strike
1-2: DOUBLE (Flyball, 9LM)
Batting: SHB Howard Parker 0-0: Ball
1-0: Foul Ball, location: 2F
1-1: Swinging Strike
1-2: Ball
Wild Pitch!
Sadayoshi Kato to third
2-2: Ball
3-2: Foul Ball, location: 2F
3-2: Base on Balls
Pitching: RHP Dave Riley
Batting: LHB Alden Lindsey 0-0: Reached on error, E5 (Groundball, 5L)
Sadayoshi Kato scores
Howard Parker to second
Batting: LHB Jarred Jackson 0-0: Ball
1-0: Ball
2-0: Ball
3-0: Base on Balls
Howard Parker to third
Alden Lindsey to second
Batting: RHB Carlos MacKinney 0-0: Called Strike
0-1: Swinging Strike
0-2: Grounds into fielders choice 1-2 (Groundball, 25)
Alden Lindsey to third
Jarred Jackson to second
Batting: SHB Suezo Sugimoto 0-0: Called Strike
Balk!
Alden Lindsey scores
Jarred Jackson to third
Carlos MacKinney to second
0-1: Ball
1-1: Ball
2-1: Called Strike
2-2: Strikes out swinging
Bottom of the 4th over - 2 run(s), 1 hit(s), 1 error(s), 2 left on base; Maui 3 - Nassau 8
TOP OF THE 5TH
Maui Tropics batting - Pitching for Nassau Rockets : LHP Esteban Baca
Batting: RHB Pat Haynes 0-0: Called Strike
0-1: Ball
1-1: Ball
2-1: Swinging Strike
2-2: Foul Ball, location: 2F
2-2: Ground out 6-3 (Groundball, 6)
Batting: RHB Jesús Espinoza 0-0: Ball
1-0: Ball
2-0: Ball
3-0: Base on Balls
Batting: RHB Phil White 0-0: Foul Ball, location: 2F
0-1: Swinging Strike
0-2: Strikes out swinging
Batting: RHB Ximena Campos 0-0: Ball
1-0: Called Strike
1-1: Ball
2-1: Fly out, F8 (Flyball, 8RXD)
Top of the 5th over - 0 run(s), 0 hit(s), 0 error(s), 1 left on base; Maui 3 - Nassau 8
BOTTOM OF THE 5TH
Nassau Rockets batting - Pitching for Maui Tropics : RHP Dave Riley
Batting: RHB Ed Sims 0-0: Ball
1-0: Ball
2-0: Foul Ball, location: 2F
2-1: SINGLE (Line Drive, 4D)
Batting: LHB Rafael Delgado 0-0: Ball
Ed Sims steals 2nd base
1-0: Ball
2-0: Ball
3-0: Base on Balls
Batting: RHB Vern Carlton 0-0: Ball
1-0: Called Strike
1-1: SINGLE (Line Drive, 78S)
Ed Sims to third
Rafael Delgado to second
Runner from 3rd tries for Home, SAFE, no throw or cutoff
Batting: RHB Sadayoshi Kato 0-0: Ball
Rafael Delgado steals 3rd base
Vern Carlton to second
1-0: Ball
2-0: Ball
3-0: Called Strike
3-1: Foul Ball, location: 2F
3-2: Base on Balls
Batting: SHB Howard Parker 0-0: Ball
1-0: Ball
2-0: Ball
3-0: Base on Balls
Rafael Delgado scores
Vern Carlton to third
Sadayoshi Kato to second
Batting: LHB Alden Lindsey 0-0: Ball
1-0: Ball
2-0: Foul Ball, location: 2F
2-1: Foul Ball, location: 2F
2-2: Ball
3-2: SINGLE (Groundball, 56D)
Vern Carlton scores
Sadayoshi Kato to third
Howard Parker to second
Runner from 3rd tries for Home, throw and OUT!
Howard Parker to third
Alden Lindsey to second
Pitching: RHP Dave Powers
Batting: LHB Jarred Jackson 0-0: Ball
1-0: Ball
2-0: Called Strike
2-1: Foul Ball, location: 2F
2-2: Ball
3-2: Fly out, F7 (Flyball, 78D)
Runner from 3rd tags up, SCORES, no throw
Batting: RHB Carlos MacKinney 0-0: Fly out, F3 (Line Drive, 3S)
Bottom of the 5th over - 4 run(s), 3 hit(s), 0 error(s), 1 left on base; Maui 3 - Nassau 12
TOP OF THE 6TH
Maui Tropics batting - Pitching for Nassau Rockets : LHP Esteban Baca
Batting: RHB Damian Yates 0-0: Ball
1-0: Ball
2-0: Foul Ball, location: 2F
2-1: Ground out 1-5-3 (Groundball, 15S)
Batting: RHB Armando Martínez 0-0: Foul Ball, location: 2F
0-1: Ball
1-1: Called Strike
1-2: Foul Ball, location: 2F
1-2: Ball
2-2: Foul Ball, location: 2F
2-2: Ball
3-2: Reached on error, E2 (Groundball, 25)
Batting: LHB Luis Antonio Torres 0-0: Fly out, F8 (Flyball, 8RXD)
Runner from 2nd tags up, SAFE at 3rd, no throw
Batting: LHB Javier Espinoza 0-0: Ground out 4-3 (Groundball, 4)
Top of the 6th over - 0 run(s), 0 hit(s), 1 error(s), 1 left on base; Maui 3 - Nassau 12
BOTTOM OF THE 6TH
Nassau Rockets batting - Pitching for Maui Tropics : RHP Dave Powers
Batting: SHB Suezo Sugimoto 0-0: Called Strike
0-1: Ground out 4-3 (Groundball, 13)
Batting: RHB Ed Sims 0-0: Ground out 1-3 (Groundball, 15)
Batting: LHB Rafael Delgado 0-0: Called Strike
0-1: Foul Ball, location: 2F
0-2: Ground out 4-3 (Groundball, 4M)
Bottom of the 6th over - 0 run(s), 0 hit(s), 0 error(s), 0 left on base; Maui 3 - Nassau 12
TOP OF THE 7TH
Maui Tropics batting - Pitching for Nassau Rockets : LHP Esteban Baca
Batting: RHB Jung-ha Kim 0-0: SOLO HOME RUN (Flyball, 7D), Distance : 352 ft
Batting: RHB Pat Haynes 0-0: Foul Ball, location: 2F
0-1: Called Strike
0-2: Ball
1-2: Ball
2-2: Foul Ball, location: 2F
2-2: SINGLE (Line Drive, 4MD)
Pitching: RHP José García
Batting: RHB Jesús Espinoza 0-0: Fly out, F4 (Popup, 4M)
Batting: RHB Phil White 0-0: Ball
1-0: Ground out 5-3 (Groundball, 56S)
Pat Haynes to second
Batting: RHB Ximena Campos 0-0: Ball
1-0: Ball
2-0: Ground out 5-3 (Groundball, 5)
Top of the 7th over - 1 run(s), 2 hit(s), 0 error(s), 1 left on base; Maui 4 - Nassau 12
BOTTOM OF THE 7TH
Nassau Rockets batting - Pitching for Maui Tropics : RHP Dave Powers
Batting: RHB Vern Carlton 0-0: Ball
1-0: Ground out 6-3 (Groundball, 6M)
Pitching: RHP Yong-taek Yi
Batting: RHB Sadayoshi Kato 0-0: Called Strike
0-1: Called Strike
0-2: Ball
1-2: Ground out 5-3 (Groundball, 56S)
Batting: SHB Howard Parker 0-0: Foul Ball, location: 2F
0-1: Ball
1-1: Foul Ball, location: 2F
1-2: Ball
2-2: Foul Ball, location: 2F
2-2: Foul Ball, location: 2F
2-2: SINGLE (Groundball, 6MD)
Batting: LHB Alden Lindsey 0-0: Called Strike
Howard Parker is caught stealing 2nd base
Bottom of the 7th over - 0 run(s), 1 hit(s), 0 error(s), 0 left on base; Maui 4 - Nassau 12
TOP OF THE 8TH
Maui Tropics batting - Pitching for Nassau Rockets : RHP José García
Batting: RHB Damian Yates 0-0: Ground out 5-3 (Groundball, 5)
Batting: RHB Armando Martínez 0-0: Called Strike
0-1: Swinging Strike
0-2: Strikes out swinging
Batting: LHB Luis Antonio Torres 0-0: Ball
1-0: Called Strike
1-1: Swinging Strike
1-2: Strikes out looking
Top of the 8th over - 0 run(s), 0 hit(s), 0 error(s), 0 left on base; Maui 4 - Nassau 12
BOTTOM OF THE 8TH
Nassau Rockets batting - Pitching for Maui Tropics : RHP Yong-taek Yi
Batting: LHB Alden Lindsey 0-0: Ball
1-0: Ball
2-0: Called Strike
2-1: Called Strike
2-2: DOUBLE (Line Drive, 5D)
Batting: LHB Jarred Jackson 0-0: Fly out, F7 (Flyball, 8LM)
Batting: RHB Carlos MacKinney 0-0: Ball
1-0: Ball
2-0: Called Strike
2-1: Ball
3-1: Called Strike
3-2: Strikes out looking
Batting: SHB Suezo Sugimoto 0-0: Ball
1-0: Ball
2-0: Called Strike
2-1: Swinging Strike
2-2: Foul Ball, location: 2F
2-2: Ground out 1-3 (Groundball, 13)
Bottom of the 8th over - 0 run(s), 1 hit(s), 0 error(s), 1 left on base; Maui 4 - Nassau 12
TOP OF THE 9TH
Maui Tropics batting - Pitching for Nassau Rockets : RHP José García
Batting: LHB Javier Espinoza 0-0: Ball
1-0: Foul Ball, location: 2F
1-1: Ball
2-1: SINGLE (Line Drive, 7S)
Batting: RHB Jung-ha Kim 0-0: Ground out 4-3 (Groundball, 4M)
Javier Espinoza to second
Batting: RHB Pat Haynes 0-0: Ball
1-0: Called Strike
1-1: Hit by Pitch
Batting: RHB Jesús Espinoza 0-0: Fielders Choice at 2nd, 5-4 (Groundball, 56)
Javier Espinoza to third
Batting: RHB Phil White 0-0: Fielders Choice at 2nd, U6 (Groundball, 6M)
Top of the 9th over - 0 run(s), 1 hit(s), 0 error(s), 2 left on base; Maui 4 - Nassau 12
This league is powered by Out of the Park Baseball, the baseball management simulation game for PC, Mac and Linux
Saturday, April 9th, 2016 - OOTP Baseball 16.8 Build 38